 Dungeon Crawl Stone Soup version 0.21.1 (webtiles) character file.

18550 Jannitor the Nimble (level 12, -8/58 HPs)
             Began as a Felid Transmuter on Feb 4, 2018.
             Was a Follower of Uskayaw.
             Shot with an arrow by Nessos (14 damage)
             ... on level 5 of the Lair of Beasts on Feb 5, 2018.
             The game lasted 01:39:56 (33142 turns).

Jannitor the Nimble (Felid Transmuter)             Turns: 33142, Time: 01:39:56

Health: -8/58      AC:  3    Str:  6    XL:     12   Next: 28%
Magic:  17/22      EV: 29    Int: 18    God:    Uskayaw [*.....]
Gold:   859        SH:  0    Dex: 20    Spells: 1/24 levels left
                                        Lives:  0   Deaths: 3

rFire    . . .     SeeInvis +     - Unarmed
rCold    + . .     Gourm    .   (shield unavailable)
rNeg     . . .     Faith    .   (armour unavailable)
rPois    .         Spirit   .   (helmet unavailable)
rElec    .         Reflect  .   (cloak unavailable)
rCorr    .         Harm     .   (gloves unavailable)
MR       +....                  (boots unavailable)
Stlth    +++.......             (no amulet)
HPRegen  0.19/turn              r - +2 ring of slaying
MPRegen  0.18/turn              H - ring "Ycsorat" {+Fly Dex+2}

@: lethally poisoned (-8 -> -56), blade paws (expiring), quick
A: very small, no armour, no weapons or thrown items, stealth, claws 1, fangs 3,
see invisible, carnivore, speed 1, shaggy fur 3, slow metabolism 1
a: End Transformation, Stomp, Renounce Religion, Evoke Flight


You were on level 5 of the Lair of Beasts.
You worshipped Uskayaw.
Uskayaw was noncommittal.
You were completely stuffed.
You had blades for front paws.
You visited 3 branches of the dungeon, and saw 19 of its levels.
You also visited: Bailey and Ice Cave.

You collected 1093 gold pieces.
You spent 234 gold pieces at shops.

Inventory:

Missiles
 a - 168 arrows
Jewellery
 r - a +2 ring of slaying (left scythe-like blade)
 t - a +1 ring of evasion
 v - an uncursed ring of positive energy
 w - an uncursed ring of stealth
 H - the ring "Ycsorat" (right scythe-like blade) {+Fly Dex+2}
   (You acquired it on level 5 of the Lair of Beasts)

   [ring of flight]

   It affects your dexterity (+2).
   It lets you fly.
Wands
 l - a wand of flame (46)
 q - a wand of digging (18)
 y - a wand of iceblast (21)
 B - a wand of disintegration (14)
 C - a wand of scattershot (4)
Scrolls
 d - 7 scrolls of remove curse
 e - 8 scrolls of teleportation
 g - 10 scrolls of identify
 h - 4 scrolls of enchant weapon
 j - 2 scrolls of fear
 m - 3 scrolls of magic mapping
 x - a scroll of blinking
 D - 2 scrolls of amnesia
Potions
 f - 3 potions of flight
 i - 7 potions of brilliance
 k - 2 potions of lignification
 o - a potion of agility
 p - a potion of resistance
 z - a potion of ambrosia
 A - a potion of mutation
 E - a potion of curing
Books
 b - a book of Changes

   Spells                             Type                      Level
   a - Beastly Appendage              Transmutation                1
   b - Sticks to Snakes               Transmutation                2
   c - Spider Form                    Transmutation/Poison         3
   d - Ice Form                       Ice/Transmutation            4
   e - Blade Hands                    Transmutation                5
 n - a book of Maledictions

   Spells                             Type                      Level
   a - Corona                         Hexes                        1
   b - Ensorcelled Hibernation        Hexes/Ice                    2
   c - Confuse                        Hexes                        3
   d - Tukima's Dance                 Hexes                        3
   e - Dazzling Spray                 Conjuration/Hexes            3
 u - a book of Power

   Spells                             Type                      Level
   a - Iskenderun's Battlesphere      Conjuration/Charms           5
   b - Venom Bolt                     Conjuration/Poison           5
   c - Bolt of Magma                  Conjuration/Fire/Earth       5
   d - Iron Shot                      Conjuration/Earth            6
   e - Orb of Destruction             Conjuration                  7
   f - Spellforged Servitor           Conjuration/Summoning        7
Miscellaneous
 s - a lamp of fire (inert)
Comestibles
 c - 28 rations


   Skills:
 + Level 9.8 Fighting
 + Level 12.1 Dodging
 - Level 8.0 Stealth
 + Level 9.8 Unarmed Combat
 - Level 6.5 Spellcasting
 + Level 10.5 Hexes
 - Level 9.4 Transmutations
 - Level 4.9 Ice Magic
 + Level 7.6 Invocations
 + Level 6.7 Evocations


You had one spell level left.
You knew the following spells:

 Your Spells              Type           Power        Failure   Level  Hunger
a - Beastly Appendage     Tmut           #####.       9%          1    None
b - Sticks to Snakes      Tmut           #####...     11%         2    None
c - Spider Form           Tmut/Pois      ###.......   32%         3    ##.....
d - Ensorcelled Hibernat  Hex/Ice        ####..       13%         2    None
e - Ice Form              Ice/Tmut       ####....     36%         4    ####...
f - Confuse               Hex            #####...     11%         3    ##.....
g - Blade Hands           Tmut           #####.....   36%         5    #####..
h - Tukima's Dance        Hex            #####...     11%         3    ##.....


Dungeon Overview and Level Annotations

Branches:
Dungeon (13/15)            Temple (0/1) D:7            Lair (5/6) D:9
 Shoals (0/4) Lair:2       Spider (0/4) Lair:3          Orc (1/2) D:12
  Slime: Lair:5-6    Vaults: D:13-14

Altars:
Ashenzari
Dithmenos
Elyvilon
Fedhas
Uskayaw
Xom
The Shining One

Shops:
D:5 *   D:10 (

Annotations:
D:8 exclusions: bullfrog and hungry ghost, Gastronok
Lair:4 exclusion: 2 downstairs
Lair:5 exclusion: 2 wolves, Nessos


Innate Abilities, Weirdness & Mutations

You cannot wear armour.
You are incapable of wielding weapons or throwing items.
Your paws allow you to move quietly. (Stealth)
You have sharp claws.
You have razor-sharp teeth.
You have supernaturally acute eyesight. (SInv)
You are carnivorous and can eat meat at any time.
You cover ground quickly.
Your thick and shaggy fur keeps you warm. (AC +3, rC+)
You have a slow metabolism.
((Your sharp claws are effective at attacking unaware monsters.))


Message History

The wolf is engulfed in blazing flames.
You kill the wolf!
Nessos is engulfed in blazing flames.
Nessos blinks!
Nessos is engulfed in blazing flames.
Nessos shoots an arrow.
The arrow completely misses you.
Unknown command.
Your transformation is almost over.
Nessos is engulfed in blazing flames.
Nessos shoots an arrow.
The arrow barely misses you.
Nessos is engulfed in blazing flames.
Nessos blinks!
Unknown command.
Nessos is engulfed in blazing flames.
Nessos shoots an arrow.
The arrow hits you!!
Ouch! That really hurt!
The arrow burns you!
You are lethally poisoned!
* * * LOW HITPOINT WARNING * * *
Nessos is engulfed in blazing flames.
Nessos shoots an arrow.
The arrow hits you!
You die...

.###.P...##
##
#P#P#.§## #
#######§##
# ##§##
##c## ##§##
##§## ##§##
##@# ###


You could see Nessos.

Vanquished Creatures
  Kirke (Lair:4)
  2 hydras
  Harold (D:11)
  Erica (D:8)
  3 two-headed ogres
  2 centaur warriors (D:13)
  The ghost of Elizilla the Basher, a novice FoFi of Qazlal (D:9)
  Nergalle (Lair:1)
  A lindwurm (Lair:3)
  A deep elf mage (D:10)
  An ugly thing (D:12)
  A cyclops (D:11)
  A manticore (Lair:2)
  2 black mambas
  An ice statue (IceCv)
  2 gargoyles (D:11)
  10 spiny frogs
  A rime drake (Lair:3)
  4 trolls
  A merfolk (D:10)
  24 polar bears
  A hornet (D:12)
  8 hippogriffs
  36 yaks
  3 hogs
  4 basilisks
  4 vampire mosquitoes (D:12)
  12 water moccasins
  7 orc warriors
  6 porcupines
  3 black bears
  2 eyes of draining
  3 ice beasts
  3 necrophages
  4 ogres
  25 wolves
  4 centaurs
  The ghost of khargal the Sneak, an amateur OpAs (D:3)
  8 crocodiles
  A big kobold (D:11)
  14 bullfrogs
  4 scorpions
  13 killer bees
  3 wights
  4 electric eels (D:9)
  3 howler monkeys
  5 crimson imps
  12 hounds
  A bullfrog zombie (D:9)
  A gnoll shaman (D:7)
  5 jellies
  2 centaur skeletons
  7 orc priests
  9 orc wizards
  2 bullfrog skeletons
  Terence (D:2)
  An iguana (D:6)
  5 worker ants
  A killer bee zombie (D:8)
  A hound skeleton (D:5)
  A hound zombie (D:5)
  A howler monkey zombie (D:5)
  A worker ant zombie (D:11)
  13 gnolls
  2 howler monkey skeletons
  9 adders
  A shadow imp (D:12)
  A worker ant simulacrum (D:9)
  An ooze (D:3)
  5 worms
  An adder skeleton (D:9)
  An adder zombie (D:9)
  4 leopard geckos
  32 orcs
  2 ball pythons
  11 bats
  7 giant cockroaches
  A goblin (D:1)
  3 hobgoblins
  7 jackals
  4 quokkas
  4 frilled lizards
  15 kobolds
  A leopard gecko skeleton (D:4)
  A leopard gecko zombie (D:9)
  A quokka skeleton (D:4)
  9 rats
430 creatures vanquished.

Vanquished Creatures (collateral kills)
  A two-headed ogre (D:9)
  A komodo dragon (Lair:2)
  A yak (D:9)
  2 black bears
  A wolf (IceCv)
  A bullfrog (Lair:1)
  A killer bee (D:11)
  A jelly (D:6)
  An orc wizard (D:9)
  2 worker ants
  A gnoll (D:4)
  3 adders
  A worm (D:3)
  3 orcs
  2 bats
  A frilled lizard (D:3)
  2 goblins (D:3)
  A rat (D:2)
26 creatures vanquished.

Vanquished Creatures (others)
  5 dream sheep (D:12)
  A quokka zombie (D:9)
  3 bushes
  6 fungi
  6 plants
21 creatures vanquished.

Grand Total: 477 creatures vanquished

Notes
Turn   | Place    | Note
-------+----------+-------------------------------------------
     0 | D:1      | Jannitor the Felid Transmuter began the quest for the Orb.
     0 | D:1      | Reached XP level 1. HP: 9/9 MP: 4/4
    43 | D:1      | Found a shattered altar of Ashenzari.
   178 | D:1      | Reached skill level 1 in Stealth
   447 | D:1      | Reached XP level 2. HP: 12/12 MP: 4/6
  1265 | D:2      | Learned a level 2 spell: Sticks to Snakes
  1427 | D:2      | Reached XP level 3. HP: 10/16 MP: 1/7
  1555 | D:2      | Noticed Terence
  2090 | D:2      | Reached XP level 4. HP: 20/20 MP: 0/8
  2556 | D:3      | Noticed khargal's ghost (amateur OpAs)
  2560 | D:3      | Found a faded altar of an unknown god.
  2565 | D:3      | Found a blossoming altar of Fedhas.
  2567 | D:3      | Became a worshipper of Uskayaw the Reveler
  2567 | D:3      | Reached * piety under Uskayaw
  2817 | D:3      | HP: 1/20 [goblin/dagger (6)]
  3281 | D:3      | Reached ** piety under Uskayaw
  3299 | D:3      | Learned a level 3 spell: Spider Form
  3337 | D:4      | Noticed an ogre
  3356 | D:4      | Killed an ogre
  3356 | D:4      | Reached XP level 5. HP: 21/24 MP: 4/9
  3814 | D:3      | Killed khargal's ghost
  4482 | D:4      | Gained mutation: You are covered in thick fur. (AC +2) [Felid growth]
  4482 | D:4      | Reached XP level 6. HP: 23/28 MP: 6/10
  4937 | D:4      | Reached skill level 3 in Dodging
  5471 | D:5      | Entered Level 5 of the Dungeon
  5661 | D:5      | Reached skill level 1 in Evocations
  5992 | D:5      | Noticed an ice beast
  6018 | D:5      | Found Zimiw's Assorted Antiques.
  6113 | D:5      | Reached XP level 7. HP: 23/31 MP: 9/11
  6344 | D:5      | Bought a small emerald ring for 120 gold pieces
  6344 | D:5      | Bought a black potion for 21 gold pieces
  6344 | D:5      | Bought a scroll labeled ONITIKHL HENLI for 24 gold pieces
  6344 | D:5      | Bought a glowing pink potion for 21 gold pieces
  6344 | D:5      | Bought a scroll labeled LUWNARRU NIRA for 24 gold pieces
  6344 | D:5      | Bought a scroll labeled MEN IRUFUZISAGA for 24 gold pieces
  6426 | D:6      | Reached skill level 4 in Dodging
  6426 | D:6      | Reached skill level 5 in Transmutations
  7136 | D:6      | Reached *** piety under Uskayaw
  7180 | D:6      | HP: 1/33 [bullfrog (1)]
  7188 | D:6      | Reached skill level 1 in Invocations
  7229 | D:6      | Reached XP level 8. HP: 16/36 MP: 4/12
  7872 | D:6      | You fall through a shaft for 2 floors!
  7872 | D:8      | Noticed Erica
  7890 | D:8      | Killed Erica
  7890 | D:8      | Reached skill level 5 in Fighting
  7890 | D:8      | Reached skill level 6 in Dodging
  7890 | D:8      | Reached skill level 5 in Unarmed Combat
  7918 | D:8      | Found a flagged portal.
  8113 | Bailey   | Entered a bailey
  8120 | Bailey   | Noticed a deep elf mage
  8381 | D:8      | Noticed Gastronok
  8407 | D:8      | Found a glowing golden altar of the Shining One.
  8618 | D:8      | Reached XP level 9. HP: 5/40 MP: 11/13
  8932 | D:7      | Found a huge runed gate.
  8932 | D:7      | Found a huge runed gate.
  8932 | D:7      | Found a huge runed gate.
  8932 | D:7      | Found a huge runed gate.
  8932 | D:7      | Noticed a polar bear
  8932 | D:7      | Noticed a polar bear
  8932 | D:7      | Noticed a polar bear
  8933 | D:7      | Noticed a polar bear
  8933 | D:7      | Noticed a polar bear
  8933 | D:7      | Noticed a polar bear
  8933 | D:7      | Noticed a polar bear
  8933 | D:7      | Noticed a polar bear
  8933 | D:7      | Noticed a polar bear
  9232 | D:7      | Found a white marble altar of Elyvilon.
  9538 | D:7      | Found a staircase to the Ecumenical Temple.
 10993 | D:8      | Reached skill level 7 in Dodging
 11758 | D:8      | Reached skill level 5 in Evocations
 12197 | D:9      | Noticed Elizilla's ghost (novice FoFi)
 12530 | D:9      | Learned a level 2 spell: Ensorcelled Hibernation
 12599 | D:9      | Killed Elizilla's ghost
 12599 | D:9      | Reached skill level 1 in Hexes
 12599 | D:9      | Reached XP level 10. HP: 41/46 MP: 2/15
 12723 | D:9      | Found a staircase to the Lair.
 12756 | D:9      | Reached **** piety under Uskayaw
 13137 | D:9      | Reached skill level 8 in Dodging
 13203 | D:9      | Noticed a two-headed ogre
 13214 | D:9      | Killed a two-headed ogre
 13293 | D:9      | Noticed a two-headed ogre
 13493 | D:9      | Reached skill level 5 in Invocations
 13495 | D:9      | Mangled by a two-headed ogre
 13496 | D:9      | Reached XP level 9. HP: -11/42 MP: 5/14
 13548 | D:10     | Entered Level 10 of the Dungeon
 14245 | D:10     | Noticed a deep elf mage
 14334 | D:10     | Noticed a troll
 14686 | D:10     | Killed a deep elf mage
 14801 | D:10     | Found Dovewkon's Antique Weapon Shoppe.
 14925 | D:10     | Noticed a merfolk
 14942 | D:10     | Killed a merfolk
 14942 | D:10     | Reached XP level 10. HP: 9/47 MP: 13/16
 15429 | D:10     | Learned a level 4 spell: Ice Form
 16072 | Lair:1   | Entered Level 1 of the Lair of Beasts
 16072 | Lair:1   | Noticed a spiny frog
 16087 | Lair:1   | Killed a spiny frog
 16168 | D:9      | Killed a two-headed ogre
 16168 | D:9      | Reached skill level 9 in Dodging
 16168 | D:9      | Reached skill level 1 in Ice Magic
 16614 | Lair:1   | Noticed Nergalle
 16632 | Lair:1   | Killed Nergalle
 16632 | Lair:1   | Reached skill level 5 in Hexes
 17020 | Lair:1   | Noticed a spiny frog
 17030 | Lair:1   | Killed a spiny frog
 17410 | Lair:1   | Reached skill level 5 in Stealth
 17424 | Lair:1   | Reached XP level 11. HP: 36/51 MP: 15/18
 17430 | Lair:1   | Reached ***** piety under Uskayaw
 18499 | Lair:2   | Noticed an eight-headed hydra
 19000 | Lair:2   | Found a staircase to the Shoals.
 19503 | Lair:2   | Killed an eight-headed hydra
 20146 | Lair:3   | Learned a level 3 spell: Confuse
 20154 | Lair:3   | Reached skill level 10 in Dodging
 20319 | Lair:3   | Reached skill level 5 in Spellcasting
 20368 | Lair:3   | Learned a level 5 spell: Blade Hands
 20407 | Lair:3   | Noticed a lindwurm
 21322 | Lair:4   | Found a frozen archway.
 21338 | IceCv    | Entered an ice cave
 22517 | IceCv    | HP: 1/62 [something] (3)]
 23711 | IceCv    | Gained mutation: Your thick and shaggy fur keeps you warm. (AC +3, rC+) [Felid growth]
 23711 | IceCv    | Reached XP level 12. HP: 56/56 MP: 15/21
 24619 | IceCv    | Noticed a frost giant
 24642 | IceCv    | Killed from afar by a frost giant
 24643 | IceCv    | Reached XP level 11. HP: -15/52 MP: 18/20
 24759 | Lair:4   | Reached ****** piety under Uskayaw
 24766 | Lair:4   | Noticed Kirke
 24777 | Lair:4   | Reached skill level 11 in Dodging
 25038 | Lair:4   | Noticed a six-headed hydra
 25496 | Lair:3   | Killed a lindwurm
 25801 | Lair:3   | Found a hole to the Spider Nest.
 26195 | Lair:5   | Noticed Nessos
 26442 | D:11     | Noticed a two-headed ogre
 26451 | D:11     | Killed a two-headed ogre
 26792 | D:11     | Found a shadowy altar of Dithmenos.
 26798 | D:11     | Reached XP level 12. HP: 46/57 MP: 22/22
 26897 | D:11     | HP: 2/57 [poisoned by a killer bee]
 27978 | D:11     | Noticed Harold
 27983 | D:11     | Killed Harold
 28420 | D:12     | Found a staircase to the Orcish Mines.
 29235 | D:12     | Found a shimmering altar of Xom.
 29477 | D:12     | Noticed a six-headed hydra
 29515 | D:12     | Killed a six-headed hydra
 29843 | D:2      | Killed Terence
 30543 | Lair:4   | Killed Kirke
 30915 | Lair:5   | Reached skill level 10 in Hexes
 30939 | Lair:5   | Identified a scroll of acquirement
 30942 | Lair:5   | Got a glittering pewter ring
 30944 | Lair:5   | Identified the ring "Ycsorat" {+Fly Dex+2} (You acquired it on level 5 of the Lair of Beasts)
 31722 | Orc:1    | Entered Level 1 of the Orcish Mines
 31722 | Orc:1    | Noticed an orc warlord
 31790 | D:13     | Noticed a centaur warrior
 31805 | D:13     | Killed a centaur warrior
 32044 | D:13     | Noticed a centaur warrior
 32049 | D:13     | Shot with an arrow by a centaur warrior
 32050 | D:13     | Reached XP level 11. HP: -1/53 MP: 8/21
 32055 | D:13     | Noticed a centaur warrior
 32063 | D:13     | Killed a centaur warrior
 32163 | D:13     | Noticed a two-headed ogre
 32194 | D:13     | Killed a two-headed ogre
 32194 | D:13     | Reached XP level 12. HP: 44/58 MP: 9/22
 32466 | D:7      | Reached skill level 12 in Dodging
 33100 | Lair:5   | Learned a level 3 spell: Tukima's Dance
 33142 | Lair:5   | Shot with an arrow by Nessos

Skill      XL: |  1  2  3  4  5  6  7  8  9 10 11 12 |
---------------+-------------------------------------+-----
Stealth        | 1 2 4 5 7 8 |  8.0
Fighting       | 2 3 4 5 7 9 |  9.8
Transmutations | 3 4 5 6 8 9 |  9.4
Dodging        | 3 4 6 7 9 11 12 | 12.1
Evocations     | 1 2 4 5 6 |  6.7
Unarmed Combat | 4 5 6 7 9 |  9.8
Invocations    | 1 3 4 5 7 |  7.6
Hexes          | 3 5 9 10 | 10.5
Spellcasting   | 3 4 6 |  6.5
Ice Magic      | 2 3 4 |  4.9

Action                   |  1- 3 |  4- 6 |  7- 9 | 10-12 || total
-------------------------+-------+-------+-------+-------++-------
Melee: Unarmed           |   113 |   155 |   405 |   845 ||  1518
       Bite              |    10 |    10 |    14 |    58 ||    92
       Headbutt          |     7 |    15 |       |       ||    22
       Punch             |       |     1 |     2 |    32 ||    35
 Cast: Beastly Appendage |    16 |    17 |     2 |       ||    35
       Sticks to Snakes  |    11 |    21 |    41 |    44 ||   117
       Spider Form       |       |     2 |    39 |    23 ||    64
       Ensorcelled Hiber |       |       |       |    14 ||    14
       Ice Form          |       |       |       |    11 ||    11
       Blade Hands       |       |       |       |    59 ||    59
       Confuse           |       |       |       |    22 ||    22
Invok: Stomp             |       |       |     1 |       ||     1
 Abil: End Transformatio |       |       |       |     4 ||     4
Evoke: Wand              |       |       |     4 |    54 ||    58
       Lamp of fire      |       |       |       |     2 ||     2
  Use: Scroll            |     1 |       |    18 |    20 ||    39
       Potion            |       |     1 |     6 |    10 ||    17
 Stab: Sleeping          |     2 |    11 |     9 |    41 ||    63
       Distracted        |     2 |     3 |     1 |     8 ||    14
       Paralysed         |       |       |     1 |    44 ||    45
       Confused          |       |       |       |     6 ||     6
  Eat: Chunk             |    11 |     8 |    27 |    73 ||   119
Armor: Skin              |     9 |     9 |    23 |    32 ||    73
Dodge: Dodged            |   110 |   141 |   399 |   812 ||  1462
